 Dungeon Crawl Stone Soup version 0.22.1-1-ga44c0e56f4 (webtiles) character file.

101237 Morbidden the Severer (level 16, -3/125 HPs)
             Began as a Formicid Fighter on Oct 8, 2018.
             Was the Champion of Okawaru.
             Slain by a spark wasp (16 damage)
             ... on level 2 of the Spider Nest.
             The game lasted 01:20:24 (25397 turns).

Morbidden the Severer (Formicid Fighter)           Turns: 25397, Time: 01:20:24

Health: -3/125     AC: 10    Str: 26    XL:     16   Next: 82%
Magic:  20/20      EV: 16    Int: 13    God:    Okawaru [******]
Gold:   835        SH: 32    Dex: 13    Spells: 15/15 levels left

rFire    . . .     SeeInvis +   V - +8 mithril axe "Arga" {speed, MR+}
rCold    . . .     Gourm    .   z - +5 large shield of the Turtle {rF- rN+++ MR+ Int+3}
rNeg     + + +     Faith    .   p - +2 scale mail {rF+}
rPois    .         Spirit   .   (helmet unavailable)
rElec    .         Reflect  +   N - +1 cloak
rCorr    .         Harm     .   G - +1 pair of gloves {Dex+3}
MR       +++..                  P - +0 pair of boots
Stlth    +.........             S - +3 amulet of reflection
HPRegen  0.30/turn              w - +4 ring of slaying
MPRegen  0.17/turn              I - +4 ring of slaying

@: heroism, corroded, very slightly contaminated, studying Earth Magic,
invisible
A: permanent stasis, dig shafts and tunnels, four strong arms, antennae 3
a: Dig, Shaft Self, Heroism, Finesse, Renounce Religion


You were on level 2 of the Spider Nest.
You worshipped Okawaru.
Okawaru was exalted by your worship.
You were hungry.

You visited 5 branches of the dungeon, and saw 26 of its levels.
You also visited: Labyrinth, Sewer and Ossuary.

You collected 2334 gold pieces.
You spent 1499 gold pieces at shops.

Inventory:

Hand Weapons
 t - the +2 battleaxe of Exquisite Death {holy, *Corrode +Inv rN++ Dex+3}
   (You found it in a labyrinth)

   It has been blessed by the Shining One to cause great damage to the undead
   and demons.
   It affects your dexterity (+3).
   It greatly protects you from negative energy.
   It lets you turn invisible.
   It may corrode you when you take damage.
 M - a +4 battleaxe
 V - the +8 mithril axe "Arga" (weapon) {speed, MR+}
   (Okawaru gifted it to you on level 14 of the Dungeon)

   Attacks with this weapon are significantly faster.
   It affects your resistance to hostile enchantments.
Missiles
 v - 28 javelins (quivered)
Armour
 p - a +2 scale mail of fire resistance (worn)
 z - the +5 large shield of the Turtle (worn) {rF- rN+++ MR+ Int+3}
   (Okawaru gifted it to you on level 14 of the Dungeon)

   It affects your intelligence (+3).
   It makes you vulnerable to fire.
   It renders you almost immune to negative energy.
   It affects your resistance to hostile enchantments.
 G - a +1 pair of gloves of dexterity (worn)
 N - a +1 cloak (worn)
 P - a +0 pair of boots (worn)
Jewellery
 w - a +4 ring of slaying (left hand)
 I - a +4 ring of slaying (right hand)
 K - an uncursed ring of protection from fire
 S - a +3 amulet of reflection (around neck)
Wands
 a - a wand of paralysis (21)
 h - a wand of enslavement (21)
 q - a wand of digging (24)
 x - a wand of flame (65)
 A - a wand of scattershot (6)
 C - a wand of polymorph (7)
 D - a wand of acid (14)
 Q - a wand of random effects (21)
Scrolls
 d - a scroll of holy word
 i - 7 scrolls of identify
 k - 7 scrolls of fog
 m - 6 scrolls of remove curse
 r - 7 scrolls of enchant armour
 y - a scroll of noise
 F - 3 scrolls of magic mapping
 H - 3 scrolls of fear
 J - 2 scrolls of vulnerability
 L - 2 scrolls of amnesia
 U - a scroll of enchant weapon
Potions
 b - 9 potions of curing
 e - 2 potions of ambrosia
 g - 9 potions of agility
 j - 5 potions of flight
 l - 3 potions of lignification
 n - 3 potions of mutation
 o - 4 potions of magic
 s - a potion of might
 u - 2 potions of resistance
 B - 2 potions of brilliance
 E - a potion of heal wounds
 O - a potion of cancellation
Books
 c - a manual of Earth Magic
Comestibles
 f - 27 rations
 T - a chunk of flesh


   Skills:
 + Level 11.2(16.2) Fighting
 * Level 19.1(24.1) Axes
 + Level 9.4(14.4) Armour
 + Level 4.5(9.5) Dodging
 + Level 16.0(21.0) Shields
 + Level 6.6 Invocations
 + Level 2.8 Evocations


You had 15 spell levels left.
You didn't know any spells.
Your spell library contained the following spells:

 Spells                   Type           Power        Failure   Level  Hunger
 Beastly Appendage        Tmut           #.....       50%         1    ##.....
 Confusing Touch          Hex            #.....       50%         1    ##.....
 Corona                   Hex            #......      50%         1    ##.....
 Flame Tongue             Conj/Fire      #....        50%         1    ##.....
 Sandblast                Erth           #.....       50%         1    ##.....
 Shock                    Conj/Air       #...         50%         1    ##.....
 Summon Butterflies       Summ           #.......     50%         1    ##.....
 Ensorcelled Hibernation  Hex/Ice        #.....       63%         2    ###....
 Passwall                 Tmut/Erth      #.......     63%         2    ###....
 Sticks to Snakes         Tmut           #.......     63%         2    ###....
 Swiftness                Chrm/Air       #.......     63%         2    ###....
 Throw Flame              Conj/Fire      #.....       63%         2    ###....
 Call Canine Familiar     Summ           #.......     86%         3    ####...
 Confuse                  Hex            #.......     86%         3    ####...
 Conjure Flame            Conj/Fire      #.......     86%         3    ####...
 Dazzling Spray           Conj/Hex       #.....       86%         3    ####...
 Gell's Gravitas          Tloc           #.........   86%         3    ####...
 Inner Flame              Hex/Fire       #.......     86%         3    ####...
 Spider Form              Tmut/Pois      #.........   86%         3    ####...
 Static Discharge         Conj/Air       #.......     86%         3    ####...
 Stone Arrow              Conj/Erth      #.....       86%         3    ####...
 Tukima's Dance           Hex            #.......     86%         3    ####...
 Airstrike                Air            #.........   99%         4    #####..
 Ice Form                 Ice/Tmut       #.......     99%         4    #####..
 Petrify                  Tmut/Erth      #.......     99%         4    #####..
 Sticky Flame             Conj/Fire      #.......     99%         4    #####..
 Summon Ice Beast         Ice/Summ       #.......     99%         4    #####..
 Blade Hands              Tmut           #.........   100%        5    ######.
 Bolt of Magma            Conj/Fire/Erth #.........   100%        5    ######.
 Fireball                 Conj/Fire      #.........   100%        5    ######.
 Irradiate                Conj/Tmut      #.........   100%        5    ######.
 Iskenderun's Battlesphe  Conj/Chrm      #.......     100%        5    ######.
 Lee's Rapid Deconstruct  Erth           #.........   100%        5    ######.
 Lightning Bolt           Conj/Air       #.........   100%        5    ######.
 Metabolic Englaciation   Hex/Ice        #.........   100%        5    ######.
 Summon Mana Viper        Hex/Summ       #.......     100%        5    ######.
 Venom Bolt               Conj/Pois      #.........   100%        5    ######.
 Yara's Violent Unravell  Hex/Tmut       #.........   100%        5    ######.
 Bolt of Cold             Conj/Ice       #.........   100%        6    #######
 Hydra Form               Tmut           #.........   100%        6    #######
 Iron Shot                Conj/Erth      #.........   100%        6    #######
 Statue Form              Tmut/Erth      #........    100%        6    #######
 Dragon Form              Tmut           #.........   100%        7    #######
 Malign Gateway           Summ/Tloc      #.........   100%        7    #######
 Monstrous Menagerie      Summ           #.........   100%        7    #######
 Orb of Destruction       Conj           #.........   100%        7    #######
 Spellforged Servitor     Conj/Summ      #.........   100%        7    #######
 Summon Greater Demon     Summ           #.........   100%        7    #######
 Summon Hydra             Summ           #.........   100%        7    #######
 Ignition                 Fire           #.........   100%        8    #######
 Summon Horrible Things   Summ           #.........   100%        8    #######
 Shatter                  Erth           #.........   100%        9    #######
 Tornado                  Air            #.........   100%        9    #######


Dungeon Overview and Level Annotations

Branches:
Dungeon (15/15) Temple (1/1) D:4 Lair (6/6) D:9 Shoals (0/4) Lair:4 Spider (2/4) Lair:3 Slime (0/5) Lair:5 Orc (2/2) D:11 Elf (0/3) Orc:2 Vaults (0/5) D:13 D:14 D:15 Depths (0/5) D:15

Altars:
Ashenzari
Cheibriados
Dithmenos
Elyvilon
Fedhas
Gozag
Hepliaklqana
Kikubaaqudgha
Makhleb
Nemelex Xobeh
Okawaru
Qazlal
Ru
Sif Muna
Trog
Uskayaw
Vehumet
Wu Jian
Xom
Yredelemnul
Zin
The Shining One
Beogh
Jiyva

Shops:
D:3 *   D:9 }   Orc:1 [:=}   Orc:2 *(!*

Portals:
Trove: D:15 (give horn of Geryon)

Annotations:
D:9 exclusion: oklob plant
D:10 1 runed door, dopezilla's ghost, journeyman TrBe
Lair:6 exclusion: 4 oklob plants


Innate Abilities, Weirdness & Mutations

You cannot be hasted, slowed, berserked, paralysed or teleported.
You can dig through walls and to a lower floor.
Your four strong arms can wield two-handed weapons with a shield.
You have a pair of large antennae on your head. (SInv)


Message History

The demonic crawler barely misses you. You block the demonic crawler's attack.
The demonic crawler completely misses you.
The tarantella closely misses you. You block the spark wasp's attack.
An orb of destruction comes into view.
Unknown command.
Unknown command.
You fade into invisibility!
You block the demonic crawler's attack. x3; The tarantella bites you!
You are confused.
The spark wasp stings you!!
* * * LOW HITPOINT WARNING * * *
The spark wasp shocks you!
* * * LOW HITPOINT WARNING * * *
The demonic crawler barely misses you.
The demonic crawler hits you but does no damage. x2
You are very lightly contaminated with residual magic.
You feel better.
The orb of destruction hits a rock wall.
You block the tarantella's attack. The spark wasp stings you!
You die...

##.# .. #...
[.#.. ..>.. ..#.
{ ..... ... ..
..^.{##..###..
..#.§##^#^#.^##
...#.§†s......#
.#..{#@s†#.#..##
......y..##..# .#
.#.#.[..^!.†##..#
#....^..†<...# .
#.....#.#...^....
#
#..#..##.........
#################


You could see a spark wasp, a demonic crawler and a tarantella.

Vanquished Creatures
  Rupert (D:14)
  Agnes (D:15)
  2 entropy weavers
  4 dire elephants (Lair:6)
  A minotaur (Lab)
  Snorg (Lair:4)
  8 hydras
  A rakshasa (D:15)
  3 centaur warriors
  An anaconda (Lair:6)
  A death knight (D:14)
  3 two-headed ogres
  Urug (D:15)
  5 unseen horrors
  A glowing orange brain (D:15)
  A swamp dragon (shapeshifter) (D:15)
  4 orc knights (Orc:2)
  2 cyclopes (D:13)
  6 wolf spiders
  2 ugly things (D:15)
  2 manticores
  2 orb spiders (Spider:1)
  4 orc sorcerers (Orc:1)
  Maurice (D:11)
  A moth of wrath (Spider:2)
  9 elephants (Lair:6)
  2 black mambas
  2 molten gargoyles (Lair:4)
  9 spiny frogs
  2 kobold demonologists (D:13)
  2 gargoyles
  A centaur skeleton (D:10)
  7 komodo dragons
  A torpor snail (Lair:2)
  2 demonic crawlers (Spider:1)
  2 rime drakes
  5 yaktaurs (D:15)
  4 trolls
  A jumping spider (shapeshifter) (D:13)
  A wolf spider simulacrum (D:15)
  7 jumping spiders
  Grinder (D:5)
  A polar bear (Lair:6)
  14 blink frogs
  7 dream sheep
  11 slime creatures
  18 hippogriffs
  31 redbacks
  2 shadows
  A yak (shapeshifter) (D:15)
  2 wraiths
  17 yaks
  2 basilisks
  A wyvern (Lair:2)
  16 humans
  6 tarantellas
  Grum (Lair:1)
  A human (shapeshifter) (D:15)
  2 vampire mosquitoes (D:13)
  The ghost of syranez the Covered, an amateur HuWn of Vehumet (D:4)
  A two-headed ogre zombie (D:11)
  4 hungry ghosts
  Menkaure (Ossuary)
  A soldier ant (D:15)
  5 wargs
  An acid dragon (D:14)
  9 porcupines
  12 water moccasins
  A sky beast (D:7)
  37 orc warriors
  2 black bears
  A phantom (D:4)
  3 eyes of draining (D:13)
  6 ice beasts
  9 ogres
  10 wolves
  29 centaurs
  16 crocodiles
  8 big kobolds
  15 bullfrogs
  2 water moccasin skeletons
  4 scorpions
  2 troll zombies (D:11)
  15 killer bees
  12 wights
  6 electric eels
  5 howler monkeys
  5 lava snakes (Lair:4)
  5 bullfrog zombies
  7 crimson imps
  A centaur zombie (D:11)
  7 hounds
  2 iguanas
  18 orc priests
  4 jellies
  28 orc wizards
  2 bullfrog skeletons
  Natasha (thrice) (D:2)
  10 worker ants
  2 killer bee zombies (D:5)
  5 ogre zombies (D:11)
  A hound skeleton (D:9)
  4 mummies
  2 worker ant zombies
  9 adders
  5 river rats
  4 shadow imps
  8 oozes (Sewer)
  2 adder skeletons
  An adder zombie (D:8)
  6 worms
  5 leopard geckos
  80 orcs
  6 giant cockroaches
  4 gnoll zombies (Ossuary)
  6 goblins
  5 hobgoblins
  6 jackals
  3 quokkas
  3 ball pythons
  9 bats
  7 frilled lizards
  A gnoll skeleton (Ossuary)
  9 goblin skeletons
  8 goblin zombies
  2 hobgoblin skeletons
  2 hobgoblin zombies
  24 kobolds
  4 kobold skeletons (Ossuary)
  8 kobold zombies (Ossuary)
  6 orc skeletons
  13 orc zombies
  A quokka zombie (D:6)
  11 rats
  2 rat skeletons (Ossuary)
  2 rat zombies (Ossuary)
  A spectral orc (D:7)
  6 fungi
  4 plants (Lair:6)
847 creatures vanquished.

Vanquished Creatures (others)
  Nessos (Lair:4)
  A centaur warrior (D:14)
  An orc wizard (Orc:1)
  An orc (D:11)
  A goblin skeleton (Ossuary)
  A goblin zombie (Ossuary)
  A hobgoblin skeleton (Ossuary)
  2 hobgoblin zombies (Ossuary)
  6 orc skeletons (Ossuary)
  2 orc zombies (Ossuary)
  A rat skeleton (Ossuary)
  9 fungi
  9 plants
36 creatures vanquished.

Grand Total: 883 creatures vanquished

Notes
Turn   | Place    | Note
-------+----------+-------------------------------------------
     0 | D:1      | Morbidden the Formicid Fighter began the quest for the Orb.
     0 | D:1      | Reached XP level 1. HP: 18/18 MP: 1/1
   204 | D:1      | Reached XP level 2. HP: 24/24 MP: 2/2
   462 | D:1      | Reached skill level 3 in Axes
   763 | D:2      | Reached XP level 3. HP: 23/29 MP: 3/3
   981 | D:2      | Reached skill level 4 in Axes
   981 | D:2      | Reached XP level 4. HP: 26/35 MP: 4/4
  1206 | D:2      | Noticed Natasha
  1218 | D:2      | Killed Natasha
  1218 | D:2      | Reached XP level 5. HP: 32/41 MP: 5/5
  1299 | D:2      | Noticed Natasha
  1319 | D:2      | Killed Natasha
  1319 | D:2      | Reached skill level 5 in Axes
  1705 | D:2      | Noticed Natasha
  1722 | D:2      | Killed Natasha
  2169 | D:3      | Found Zin's Purification Station.
  2172 | D:3      | Found a glowing silver altar of Zin.
  2493 | D:3      | Reached XP level 6. HP: 47/47 MP: 6/6
  2620 | D:4      | Noticed syranez's ghost (amateur HuWn)
  2627 | D:4      | Found a runed gate.
  2631 | D:4      | Found a runed gate.
  2631 | D:4      | Found an opulent altar of Gozag.
  2635 | D:4      | Found a runed gate.
  2749 | D:4      | Found a staircase to the Ecumenical Temple.
  2768 | Temple   | Entered the Ecumenical Temple
  2859 | Temple   | Became a worshipper of Warmaster Okawaru
  3000 | D:4      | Noticed a phantom
  3005 | D:4      | Reached skill level 1 in Invocations
  3021 | D:4      | Killed a phantom
  3021 | D:4      | Reached skill level 6 in Axes
  3021 | D:4      | Reached XP level 7. HP: 28/53 MP: 6/8
  3374 | D:5      | Entered Level 5 of the Dungeon
  3405 | D:5      | Noticed Grinder
  3419 | D:5      | Killed Grinder
  3419 | D:5      | Reached * piety under Okawaru
  3588 | D:5      | Reached skill level 7 in Axes
  3694 | D:5      | Reached XP level 8. HP: 60/60 MP: 9/9
  3756 | D:5      | Reached skill level 1 in Dodging
  4645 | D:6      | Reached ** piety under Okawaru
  4656 | D:6      | Found a glowing drain.
  4661 | Sewer    | Entered a sewer
  4770 | Sewer    | Reached skill level 8 in Axes
  4998 | Sewer    | Reached skill level 5 in Shields
  5053 | Sewer    | Reached XP level 9. HP: 66/66 MP: 10/12
  5348 | D:6      | Found a glowing golden altar of the Shining One.
  5396 | D:6      | Found an opulent altar of Gozag.
  5438 | D:6      | Found a sparkling altar of Nemelex Xobeh.
  5522 | D:6      | Reached skill level 9 in Axes
  5522 | D:6      | Reached skill level 5 in Armour
  5945 | D:7      | Noticed a hippogriff
  5961 | D:7      | Killed a hippogriff
  5961 | D:7      | Reached *** piety under Okawaru
  5980 | D:7      | Found a transporter.
  6081 | D:7      | Reached skill level 5 in Fighting
  6206 | D:7      | Reached skill level 10 in Axes
  6367 | D:7      | Found a basalt altar of Yredelemnul.
  6419 | D:7      | Reached XP level 10. HP: 71/74 MP: 13/13
  6479 | D:7      | Reached **** piety under Okawaru
  6602 | D:7      | Noticed a komodo dragon
  6618 | D:7      | Killed a komodo dragon
  6621 | D:7      | Reached skill level 11 in Axes
  7021 | D:8      | Found a shattered altar of Ashenzari.
  7396 | D:8      | Found a sand-covered staircase.
  7405 | Ossuary  | Entered an ossuary
  7647 | Ossuary  | Noticed Menkaure
  7648 | Ossuary  | Killed Menkaure
  8023 | D:9      | You fall through a shaft for 3 floors!
  8023 | D:12     | Noticed a manticore
  8029 | D:12     | Killed a manticore
  8039 | D:12     | Reached ***** piety under Okawaru
  8053 | D:12     | Reached skill level 12 in Axes
  8388 | D:12     | Reached XP level 11. HP: 81/81 MP: 14/14
  8423 | D:12     | Reached skill level 5 in Invocations
  8695 | D:12     | Received a gift from Okawaru
  9218 | D:11     | Noticed an unseen horror
  9241 | D:11     | Killed an unseen horror
  9316 | D:10     | Entered Level 10 of the Dungeon
  9498 | D:10     | Reached skill level 13 in Axes
  9710 | D:10     | Reached XP level 12. HP: 89/89 MP: 16/16
 10025 | D:10     | Found a runed door.
 10027 | D:10     | Noticed dopezilla's ghost (journeyman TrBe)
 10145 | D:9      | Found a stormy altar of Qazlal.
 10148 | D:9      | Found Barghah's Gadget Emporium.
 10149 | D:9      | Noticed a two-headed ogre
 10157 | D:9      | Killed a two-headed ogre
 10365 | D:9      | Found a sacrificial altar of Ru.
 10392 | D:9      | Found a staircase to the Lair.
 10984 | D:4      | Killed syranez's ghost
 11233 | Lair:1   | Entered Level 1 of the Lair of Beasts
 11339 | Lair:1   | Noticed Grum
 11347 | Lair:1   | Reached XP level 13. HP: 96/96 MP: 17/17
 11360 | Lair:1   | Killed Grum
 11583 | Lair:1   | Received a gift from Okawaru
 12301 | Lair:2   | Noticed a six-headed hydra
 12327 | Lair:2   | Killed a 16-headed hydra
 12327 | Lair:2   | Reached skill level 14 in Axes
 12398 | Lair:2   | Reached skill level 1 in Evocations
 12640 | Lair:2   | Noticed a six-headed hydra
 13724 | D:11     | Noticed Maurice
 13741 | D:11     | Killed Maurice
 13840 | D:11     | Found a staircase to the Orcish Mines.
 13933 | D:11     | Received a gift from Okawaru
 13936 | D:11     | Got a crude broad axe {god gift}
 13937 | D:11     | Identified the +3 broad axe "Nomeigio" {chop, Dex+5}
                  | (Okawaru gifted it to you on level 11 of the Dungeon)
 14215 | D:13     | Reached skill level 15 in Axes
 14260 | D:13     | Identified a scroll of acquirement
 14261 | D:13     | Got a smoking shield
 14303 | D:13     | Identified the -8 shield "Wiraal" {Dex+2} (You acquired it
                  | on level 13 of the Dungeon)
 14477 | D:13     | Reached XP level 14. HP: 105/105 MP: 2/18
 14488 | D:13     | Found a hazy altar of Hepliaklqana.
 14522 | D:13     | Found a labyrinth entrance.
 14531 | Lab      | Entered a labyrinth
 14994 | Lab      | Noticed a minotaur
 15009 | Lab      | Killed a minotaur
 15028 | Lab      | Got a faintly glowing battleaxe
 15031 | Lab      | Identified the +2 battleaxe of Exquisite Death {holy,
                  | *Corrode +Inv rN++ Dex+3} (You found it in a labyrinth)
 15496 | D:14     | Found a gate to the Vaults.
 15496 | D:14     | Noticed Rupert
 15496 | D:14     | Noticed Urug
 15496 | D:14     | Noticed Agnes
 15568 | D:14     | Received a gift from Okawaru
 15571 | D:14     | Got a warped large shield {god gift}
 15583 | D:14     | Identified the +5 large shield of the Turtle {rF- rN+++ MR+
                  | Int+3} (Okawaru gifted it to you on level 14 of the
                  | Dungeon)
 15714 | D:14     | You fall through a shaft!
 15714 | D:15     | Entered Level 15 of the Dungeon
 15808 | D:15     | Reached skill level 16 in Axes
 15880 | D:15     | Found a portal to a secret trove of treasure.
 16736 | D:15     | Noticed a caustic shrike
 16744 | D:15     | Noticed an acid blob
 16744 | D:15     | a caustic shrike changed into an acid blob
 16749 | D:15     | Noticed an iron giant
 16749 | D:15     | an acid blob changed into an iron giant
 16750 | D:15     | Noticed an iron dragon
 16750 | D:15     | an iron giant changed into an iron dragon
 16756 | D:15     | Noticed a caustic shrike
 16756 | D:15     | an iron dragon changed into a caustic shrike
 16757 | D:15     | Noticed a shadow dragon
 16757 | D:15     | a caustic shrike changed into a shadow dragon
 16759 | D:15     | Noticed a golden dragon
 16759 | D:15     | a shadow dragon changed into a golden dragon
 16762 | D:15     | Noticed a shadow dragon
 16762 | D:15     | a golden dragon changed into a shadow dragon
 16909 | D:15     | Killed Urug
 16964 | D:15     | Killed Agnes
 17288 | Orc:1    | Entered Level 1 of the Orcish Mines
 17288 | Orc:1    | Found Qeczeq's Gadget Boutique.
 17348 | Orc:1    | Found Penuskuj's Jewellery Shoppe.
 17468 | Orc:2    | Entered Level 2 of the Orcish Mines
 17496 | Orc:2    | Reached skill level 17 in Axes
 17500 | Orc:2    | Found a staircase to the Elven Halls.
 17760 | Orc:2    | Received a gift from Okawaru
 17775 | Orc:2    | Reached XP level 15. HP: 113/113 MP: 19/19
 17862 | Orc:1    | Found Zekhurr's Book Boutique.
 18026 | Orc:1    | Found Ifobbuim's Antique Armour Shoppe.
 18543 | Orc:2    | Found Wotin's Antique Weapon Boutique.
 18543 | Orc:2    | Found Ferhull's Distillery.
 18545 | Orc:2    | Found Xuosurew's Assorted Antiques.
 18547 | Orc:2    | Found Jicaman's General Store.
 18658 | Orc:1    | Bought a +4 ring of slaying for 1248 gold pieces
 18658 | Orc:1    | Bought a +3 amulet of reflection for 251 gold pieces
 18988 | D:7      | Found a roughly hewn altar of Beogh.
 19040 | D:7      | Identified the Papyrus of Conjuration
 19055 | D:7      | Found a transporter.
 19199 | D:14     | Killed Rupert
 19408 | D:14     | Received a gift from Okawaru
 19409 | D:14     | Found the +8 mithril axe "Arga" {speed, MR+}
 19635 | D:14     | Reached skill level 18 in Axes
 20278 | D:15     | Found a staircase to the Depths.
 20935 | Lair:3   | Found a hole to the Spider Nest.
 21160 | Lair:4   | Noticed Snorg
 21176 | Lair:4   | Killed Snorg
 21508 | Lair:4   | Noticed Nessos
 21514 | Lair:4   | Killed Nessos
 21663 | Lair:4   | Reached skill level 15 in Shields
 22290 | Lair:4   | Found a staircase to the Shoals.
 22299 | Lair:4   | Received a gift from Okawaru
 22304 | Lair:4   | Got a pair of faintly glowing gloves {god gift}
 22316 | Lair:4   | Identified the +0 pair of gloves of Xeont {rPois MP-9 Int-3
                  | SInv} (Okawaru gifted it to you on level 4 of the Lair of
                  | Beasts)
 22481 | Lair:5   | Found a staircase to the Slime Pits.
 22481 | Lair:5   | Found a viscous altar of Jiyva.
 23077 | Lair:6   | Entered Level 6 of the Lair of Beasts
 23123 | Lair:5   | Reached skill level 10 in Fighting
 23209 | Lair:5   | Reached XP level 16. HP: 102/122 MP: 20/20
 24667 | Spider:1 | Entered Level 1 of the Spider Nest
 24759 | Spider:1 | Reached ****** piety under Okawaru
 24759 | Spider:1 | Received a gift from Okawaru
 25345 | Spider:2 | Reached skill level 19 in Axes
 25397 | Spider:2 | Slain by a spark wasp

Skill      XL: |  1  2  3  4  5  6  7  8  9 10 11 12 13 14 15 16 |
---------------+-------------------------------------------------+-----
Axes           | 3 4 5 6 7 8 10 12 13 15 17 18 19 | 19.1
Invocations    | 1 2 4 6 |  6.6
Shields        | 4 5 6 12 13 14 15 16 | 16.0
Armour         | 4 5 6 7 8 9 |  9.4
Dodging        | 1 2 3 4 |  4.5
Fighting       | 4 5 6 7 8 9 10 11 | 11.2
Evocations     | 1 2 |  2.8

Action                   |  1- 3 |  4- 6 |  7- 9 | 10-12 | 13-15 | 16-18 || total
-------------------------+-------+-------+-------+-------+-------+-------++-------
Melee: War axe           |    62 |   183 |   289 |   548 |   311 |       ||  1393
       Broad axe         |       |       |       |       |   330 |   275 ||   605
       Battleaxe         |       |       |       |       |   478 |       ||   478
Throw: Javelin           |       |     2 |       |     8 |       |     4 ||    14
Invok: Heroism           |       |       |       |     6 |    12 |     2 ||    20
       Finesse           |       |       |       |       |     3 |       ||     3
 Abil: Shaft Self        |       |       |       |       |     1 |       ||     1
Evoke: Wand              |       |       |       |     8 |    32 |    13 ||    53
  Use: Potion            |       |     3 |     1 |     5 |     5 |     3 ||    17
       Scroll            |       |     1 |     6 |     7 |    17 |     1 ||    32
 Stab: Paralysed         |       |       |       |       |    11 |       ||    11
       Invisible         |       |       |       |       |     3 |       ||     3
  Eat: Chunk             |       |     3 |     5 |    10 |    18 |     6 ||    42
       Ration            |       |     1 |     2 |     3 |     6 |       ||    12
Armor: Scale mail        |    25 |    93 |    99 |    56 |    60 |    32 ||   365
       Plate armour      |       |       |       |   112 |   173 |       ||   285
       Skin              |       |       |       |       |    10 |       ||    10
Dodge: Dodged            |    14 |    71 |    95 |   161 |   196 |    45 ||   582
Block: Shield            |    31 |   114 |   148 |   297 |   251 |       ||   841
       Large shield      |       |       |       |       |   674 |   242 ||   916
       Reflection        |       |       |       |       |    22 |     1 ||    23
